 Dungeon Crawl Stone Soup version 0.30-a0-612-g150a0467c1 (webtiles) character file.

Game seed: 17854898095424892218

145 r33k the Magician (level 5, -8/28 HPs)
             Began as a Gargoyle Earth Elementalist on Jan 8, 2023.
             Killed from afar by Ijyb (17 damage)
             ... with an iceblast
             ... on level 4 of the Dungeon.
             The game lasted 00:07:30 (3741 turns).

r33k the Magician (Gargoyle Earth Elementalist)     Turns: 3741, Time: 00:07:30

Health: -8/28      AC:  7    Str: 11    XL:     5   Next: 27%
Magic:  10/21      EV: 11    Int: 18    God:
Gold:   165        SH:  0    Dex: 10    Spells: 9/13 levels left

rFire   . . .      SeeInvis .    t - +2 short sword (holy)
rCold   . . .      Faith    .    (no shield)
rNeg    + . .      Spirit   .    a - +0 robe
rPois   ∞          Reflect  .    (no helmet)
rElec   +          Harm     .    (no cloak)
rCorr   .          Rampage  .    o - +0 pair of gloves
Will    .....                    (no boots)
Stlth   ++                       (no amulet)
HPRegen 0.24/turn                y - ring of magical power
MPRegen 0.17/turn                (no ring)

@: very slightly contaminated
A: sickness immunity, AC +4, negative energy resistance 1, electricity
resistance, torment resistance 1, petrification resistance
a: no special abilities


You were on level 4 of the Dungeon.
You visited 1 branch of the dungeon, and saw 4 of its levels.

You collected 165 gold pieces.

Inventory:

Hand Weapons
 t - a +2 short sword of holy wrath (weapon)
Missiles
 p - 6 poisoned darts
 x - 4 curare-tipped darts
Armour
 a - a +0 robe (worn)
 g - a +0 scale mail
 o - a +0 pair of gloves (worn)
 w - a +0 plate armour
Jewellery
 y - a ring of magical power (left hand)
Scrolls
 e - 5 scrolls of teleportation {unknown}
 f - 2 scrolls of fear {unknown}
 j - 4 scrolls of enchant armour {unknown}
 k - a scroll of amnesia {unknown}
 u - 3 scrolls of identify {unknown}
 v - a scroll of vulnerability {unknown}
 A - a scroll of poison {unknown}
Potions
 b - a potion of magic
 d - 4 potions of haste {unknown}
 h - 2 potions of berserk rage {unknown}
 i - 2 potions of flight {unknown}
 l - a potion of attraction {unknown}
 m - a potion of invisibility {unknown}
 n - a potion of mutation {unknown}
 q - a potion of degeneration {unknown}
 z - a potion of curing {unknown}


   Skills:
 - Level 1.5 Dodging
 - Level 2.1 Stealth
 + Level 4.9 Spellcasting
 - Level 0.7 Transmutations
 - Level 3.6 Earth Magic


You had 9 spell levels left.
You knew the following spells:

 Your Spells              Type           Power      Damage    Failure   Level
a - Sandblast             Erth           34%        2d9       3%          1
b - Stone Arrow           Conj/Erth      20%        3d8       19%         3

Your spell library contained the following spells:

 Spells                   Type           Power      Damage    Failure   Level
 Passwall                 Tmut/Erth      10%        N/A       9%          2
 Summon Small Mammal      Summ           16%        N/A       14%         1
 Call Canine Familiar     Summ           4%         N/A       38%         3
 Summon Guardian Golem    Hex/Summ       4%         N/A       38%         3
 Petrify                  Tmut/Erth      12%        N/A       50%         4


Dungeon Overview and Level Annotations

Branches:
Dungeon (4/15)             Temple (0/1) D:4

Altars:
Qazlal
Xom

Shops:
D:2 [

Annotations:
D:4 Ijyb


Innate Abilities, Weirdness & Mutations

You are immune to sickness and miasma.
Your stone body is resilient. (AC +4)
You are immune to poison.
You resist negative energy. (rN+)
You are resistant to electric shocks. (rElec)
You are resistant to unholy torment.
You are immune to petrification.


Message History

Your magical contamination has completely faded away.
There is a stormy altar of Qazlal here.
A - a scroll labelled YXZAYNOATY You regained 2 mp, and now have 19/21 mp.
A ball python comes into view.
The ball python hisses angrily.
MP restored: 21 A ball python is nearby!
A dart slug comes into view.
Ijyb the Twisted Goblin comes into view.
She is wielding a +0 dagger, wearing a +4 ring mail of poison resistance and carrying a wand of iceblast (6).
Found 4 poisoned darts.
Ijyb shouts!
Ijyb zaps a wand.
The mass of ice explodes!
The iceblast engulfs you!
You hear a shout! x3
You take 9 damage, and have 19/28 hp.
MY FAVORITE EYEBALLS!!
The ball python attacks as you move away!
The ball python barely misses you. The ball python closely misses you.
The ball python attacks as you move away!
The ball python barely misses you.
The spell is quite dangerous to miscast (19% risk of failure)!
Continue anyway?
The stone arrow hits the ball python!
You kill the ball python!
You now have 18/21 mp.
The spell is quite dangerous to miscast (19% risk of failure)!
Continue anyway?
You miscast Stone Arrow.
You are very lightly contaminated with residual magic.
Nothing appears to happen.
You now have 15/21 mp.
The spell is quite dangerous to miscast (19% risk of failure)!
Continue anyway?
The stone arrow misses Ijyb.
Ijyb zaps a wand.
The mass of ice explodes!
The iceblast engulfs you!
You hear a shout! x2
You take 12 damage, and have 9/28 hp.
MY FAVORITE EYEBALLS!!
You now have 13/21 mp.
The spell is quite dangerous to miscast (19% risk of failure)!
Continue anyway?
The stone arrow hits Ijyb.
Ijyb is lightly wounded.
Ijyb zaps a wand.
The mass of ice explodes!
The iceblast engulfs you!
Ouch! That really hurt!
You die...

##.P........
##).P........
##...P..##....
#....P.####...
##......# ###.
##...#...# ##
##...##.P.#
##..####.P.#
##9.## #.P.#
###..## .P.#
##.g### # #.w##
#.....#
..........#
...###........#
.. .......... .
#..w.......


You could see Ijyb and a dart slug.

Vanquished Creatures
  3 adders
  A worm (D:3)
  2 dart slugs
  7 orcs (D:3)
  6 ball pythons
  7 bats
  12 endoplasms
  4 giant cockroaches
  7 goblins
  9 hobgoblins
  9 jackals
  8 kobolds
  4 quokkas
  5 frilled lizards
  7 rats
91 creatures vanquished.

Vanquished Creatures (others)
  A plant (D:2)
1 creature vanquished.

Grand Total: 92 creatures vanquished

Notes
Turn   | Place    | Note
-------+----------+-------------------------------------------
     0 | D:1      | r33k the Gargoyle Earth Elementalist began the quest for
                  | the Orb.
     0 | D:1      | Reached XP level 1. HP: 10/10 MP: 3/3
   101 | D:1      | Reached XP level 2. HP: 15/15 MP: 1/5
   231 | D:1      | Reached skill level 3 in Spellcasting
   322 | D:1      | Reached XP level 3. HP: 19/19 MP: 2/7
   326 | D:1      | Learned a level 3 spell: Stone Arrow
  1411 | D:2      | Found Leym's Antique Armour Shop.
  1839 | D:2      | Reached skill level 4 in Spellcasting
  1839 | D:2      | Reached XP level 4. HP: 23/24 MP: 6/10
  2674 | D:3      | Reached XP level 5. HP: 28/28 MP: 3/11
  3288 | D:3      | Found a shimmering altar of Xom.
  3632 | D:4      | Found a stormy altar of Qazlal.
  3685 | D:4      | Found a staircase to the Ecumenical Temple.
  3732 | D:4      | Noticed Ijyb
  3741 | D:4      | Killed from afar by Ijyb

Illustrated notes

Levels and vault maps discovered:
D:1:      minmay_arrival_doors, layout_basic, dreamdust_mushroom_princess,
          minmay_pentomino_u4
D:2:      layout_loops_ring, serial_shops, shop, serial_bayou_ford_a,
          minmay_fractal_squares_gapless_5
D:3:      layout_loops_ring, xom_teletrap_fun, minmay_diced_spiral
D:4:      layout_cave_pods, mainiacjoe_overflow_boulevard,
          fedhas_ov_isle_minmay, kiku_gazebo_pond_becter,
          general_overflow_altar, minmay_temple_entry_proselytizer, serial_park,
          serial_park_avenue1, serial_park_tiny_2, serial_park_tiny_2,
          kennysheep_cross_bottleneck, minmay_crystal_water,
          nicolae_nh_ransacked_shop, uniq_duvessa, uniq_natasha, uniq_ijyb

Skill      XL: |  1  2  3 |
---------------+----------+-----
Spellcasting   | 3 4 |  4.9
Dodging        | |  1.5
Stealth        | |  2.1
Transmutations | |  0.7
Earth Magic    | |  3.6

Action                   |  1- 3 |  4- 6 || total
-------------------------+-------+-------++-------
Melee: Short sword       |    47 |   143 ||   190
       Punch             |       |     2 ||     2
 Cast: Sandblast         |    26 |       ||    26
       Stone Arrow       |    22 |    26 ||    48
 Stab: Sleeping          |       |     1 ||     1
Armor: Robe              |    24 |    51 ||    75
Dodge: Dodged            |    44 |    92 ||   136

Table legend: (Time is in decaauts)
 A = Elapsed time spent in this place.
 B = Non-inter-level travel time spent in this place.
 C = Inter-level travel time spent in this place.
 D = Time resting spent in this place.
 E = Time spent auto-exploring this place.
 F = Levels seen in this place.
 G = Mean time per level.
                   A        B        C        D        E       F      G
               +--------+--------+--------+--------+--------+-----+--------+
         Total |   3754 |   3661 |     93 |     75 |   2933 |   4 |  938.5 |
       Dungeon |   3754 |   3661 |     93 |     75 |   2933 |   4 |  938.5 |
               +--------+--------+--------+--------+--------+-----+--------+

Top non-repeatable levels by time:
     D:2: 1304 daAuts
     D:3: 1236 daAuts
     D:1: 1096 daAuts
     D:4: 117 daAuts
